 Dungeon Crawl Stone Soup version 0.31-a0-986-g5e6e4ef867 (webtiles) character file.

Game seed: 962602353725184768

79 sammy202020 the Trooper (level 4, 0/41 HPs)
             Began as a Minotaur Fighter on Nov 22, 2023.
             Slain by a kobold brigand
             ... wielding a +0 dagger of venom
              (1 damage)
             ... on level 3 of the Dungeon.
             The game lasted 00:02:56 (1492 turns).

sammy202020 the Trooper (Minotaur Fighter)          Turns: 1492, Time: 00:02:57

Health: 0/41       AC: 10    Str: 20    XL:     4   Next: 16%
Magic:  0/3        EV:  9    Int:  7    God:
Gold:   136        SH:  5    Dex: 10    Spells: 3/3 levels left

rFire   . . .        a - +0 flail (freeze)
rCold   . . .        c - +1 buckler
rNeg    . . .        b - +0 scale mail
rPois   .            (helmet restricted)
rElec   .            f - +0 cloak
rCorr   .            (no gloves)
SInv    .            (no boots)
Will    .....        g - amulet of guardian spirit Stlth
                     (no ring)
HPRegen 0.26/turn    (no ring)
MPRegen 0.08/turn

%: guardian spirit
@: lethally poisoned (0 -> -18)
A: horns 2, retaliatory headbutt, iridescent scales 1, wild magic 1, inability
to read after injury 1
a: no special abilities


You were on level 3 of the Dungeon.
You visited 1 branch of the dungeon, and saw 3 of its levels.

You collected 136 gold pieces.

Inventory:

Hand Weapons
 a - a +0 flail of freezing (weapon)
Armour
 b - a +0 scale mail (worn)
 c - a +1 buckler (worn)
 f - a +0 cloak (worn)
Jewellery
 g - an amulet of guardian spirit (around neck)
 m - an amulet of the acrobat
Scrolls
 j - a scroll of fear
Potions
 d - 3 potions of might
 e - a potion of ambrosia


   Skills:
 * Level 4.3 Fighting
 * Level 3.3 Maces & Flails
 * Level 4.2 Armour
 + Level 1.1 Dodging
 * Level 4.2 Shields


You had 3 spell levels left.
You didn't know any spells.
Your spell library contained the following spells:

 Spells                   Type           Power      Damage    Failure   Level
 Frozen Ramparts          Ice            0%         1d1       99%         3
 Petrify                  Tmut/Erth      0%         N/A       100%        4
 Metabolic Englaciation   Hex/Ice        0%         N/A       100%        5


Dungeon Overview and Level Annotations

Branches:
Dungeon (3/15)

Altars:


Innate Abilities, Weirdness & Mutations

You have a pair of horns on your head.
You reflexively headbutt those who attack you in melee.
You are partially covered in iridescent scales. (AC +2)
Your spells are a little harder to cast, but a little more powerful.
You occasionally lose the ability to read scrolls when taking damage.


Message History

You completely miss the kobold brigand.
You headbutt the kobold brigand, but do no damage.
The kobold brigand is severely wounded.
The kobold brigand barely misses you. x2
You closely miss the kobold brigand.
The kobold brigand is severely wounded.
The kobold brigand misses you. You furiously retaliate!
You headbutt the kobold brigand!
The kobold brigand hits you but does no damage.
You are poisoned.
Unknown command.
You closely miss the kobold brigand.
The kobold brigand is severely wounded.
You feel sick. The kobold brigand barely misses you.
You block the kobold brigand's attack.
Unknown command.
You hit the kobold brigand but do no damage.
The kobold brigand is severely wounded.
You feel sick.
The kobold brigand hits you with a +0 club.
The kobold brigand hits you but does no damage.
You are lethally poisoned!
The kobold brigand hits you but does no damage.
The kobold brigand hits you with a +0 dagger of venom.
* * * LOW HITPOINT WARNING * * *
You miss the kobold brigand.
The kobold brigand is severely wounded.
* * * LOW HITPOINT WARNING * * *
You feel very sick. The kobold brigand barely misses you.
The kobold brigand hits you but does no damage.
You are more poisoned.
It was a potion of mutation.
You feel extremely strange.
You occasionally lose the ability to read scrolls when taking damage.
You feel less in control of your magic.
Iridescent scales grow over part of your body.
* * * LOW HITPOINT WARNING * * *
You feel very sick.
The kobold brigand hits you with a +0 dagger of venom.
You die...

#.............#.#
#).#.#...†)...#.# ##
#))#.....)....#.#
#~~#..##.##........#
..#~~##..#.##........##.
..~~~≈#).#..............
..~~≈≈#).#.##........##.
..~~~~#..#.##........#
###~~##@)#.#########.###
#~~#KK##..### #..... #~
#..##....## #..### #
..###.....# #..# #..
#.....# #).# #..
#####.####..# #..
#.......### #..
##.....|... #.###....#


You could see 2 kobold brigands.

Vanquished Creatures
  Terence (D:2)
  A worm (D:2)
  2 orcs (D:3)
  3 endoplasms
  2 giant cockroaches
  3 goblins
  9 hobgoblins
  2 jackals (D:1)
  12 kobolds
  7 ball pythons
  2 bats (D:1)
  2 rats (D:1)
46 creatures vanquished.

Notes
Turn   | Place    | Note
-------+----------+-------------------------------------------
     0 | D:1      | sammy202020 the Minotaur Fighter began the quest for the
                  | Orb.
     0 | D:1      | Reached XP level 1. HP: 19/19 MP: 0/0
   167 | D:1      | Reached XP level 2. HP: 27/27 MP: 1/1
   761 | D:2      | Found Jeseyxtourch's Weapon Shop.
   771 | D:2      | Reached XP level 3. HP: 30/33 MP: 2/2
  1188 | D:2      | Noticed Terence
  1195 | D:2      | Killed Terence
  1196 | D:2      | Reached skill level 1 in Dodging
  1419 | D:3      | Reached XP level 4. HP: 40/40 MP: 3/3
  1473 | D:3      | Noticed a kobold brigand
  1477 | D:3      | Noticed a kobold brigand
  1492 | D:3      | Gained mutation: You occasionally lose the ability to read
                  | scrolls when taking damage. [potion of mutation]
  1492 | D:3      | Gained mutation: Your spells are a little harder to cast,
                  | but a little more powerful. [potion of mutation]
  1492 | D:3      | Gained mutation: You are partially covered in iridescent
                  | scales. (AC +2) [potion of mutation]
  1492 | D:3      | HP: 1/41 [poisoned by a kobold brigand]
  1492 | D:3      | Slain by a kobold brigand

Illustrated notes

Levels and vault maps discovered:
D:1:      lightli_arrival_statue_moat, layout_basic
D:2:      layout_loops_cross, serial_shops, shop, serial_rivers,
          chequers_serial_rivers_micro_d, chequers_serial_rivers_small_b,
          chequers_serial_rivers_large_a, chequers_serial_rivers_marsh,
          uniq_terence
D:3:      cheibrodos_thug_alley, layout_basic, chequers_decorated_corner,
          serial_park_tiny_1, uniq_jessica, uniq_sigmund, uniq_grinder

Skill      XL: |  1  2  3 |
---------------+----------+-----
Fighting       | 4 |  4.3
Armour         | 4 |  4.2
Shields        | 4 |  4.2
Maces & Flails | 3 |  3.3
Dodging        | 1 |  1.1

Action                     |  1- 3 |  4- 6 || total
---------------------------+-------+-------++-------
  Melee: Flail             |    63 |    34 ||    97
         Headbutt          |    11 |     3 ||    14
    Use: Scroll            |     7 |       ||     7
         Potion            |       |     3 ||     3
 Armour: Scale mail        |    28 |    34 ||    62
  Dodge: Dodged            |    23 |    21 ||    44
  Block: Buckler           |    13 |    14 ||    27

Table legend: (Time is in decaauts)
 A = Elapsed time spent in this place.
 B = Non-inter-level travel time spent in this place.
 C = Inter-level travel time spent in this place.
 D = Time resting spent in this place.
 E = Time spent auto-exploring this place.
 F = Levels seen in this place.
 G = Mean time per level.
                   A        B        C        D        E       F      G
               +--------+--------+--------+--------+--------+-----+--------+
         Total |   1533 |   1404 |    129 |      0 |   1117 |   3 |  511.0 |
       Dungeon |   1533 |   1404 |    129 |      0 |   1117 |   3 |  511.0 |
               +--------+--------+--------+--------+--------+-----+--------+

Top non-repeatable levels by time:
     D:2: 724 daAuts
     D:1: 706 daAuts
     D:3: 102 daAuts
